 Dungeon Crawl Stone Soup version 0.23-a0-171-g5ae17c6 (webtiles) character file.

7125 mopl the Merchant of Misery (level 10, -27/67 HPs)
             Began as a Mummy Necromancer on Sept 14, 2018.
             Was a Believer of Kikubaaqudgha.
             Hit by a javelin thrown by a minotaur (31 damage)
             ... in a labyrinth.
             The game lasted 00:31:36 (15496 turns).

mopl the Merchant of Misery (Mummy Necromancer)    Turns: 15496, Time: 00:31:37

Health: -27/67     AC:  5    Str: 11    XL:     10   Next: 85%
Magic:  19/19      EV: 12    Int: 18    God:    Kikubaaqudgha [**....]
Gold:   453        SH:  5    Dex: 13    Spells: 10/21 levels left

rFire    + . .     SeeInvis .   a - +5 trident (protect)
rCold    + + .     Gourm    .   (no shield)
rNeg     + + +     Faith    .   m - +2 robe {rC+ rF+}
rPois    ∞         Spirit   .   (no helmet)
rElec    .         Reflect  +   n - +0 cloak
rCorr    .         Harm     .   (no gloves)
MR       ++...                  (no boots)
Stlth    ++........             o - +5 amulet of reflection
HPRegen  0.21/turn              A - ring of protection from magic
MPRegen  0.16/turn              k - ring of protection from fire

@: no status effects
A: no food or potions, fire vulnerability, cold resistance 1, negative energy
resistance 3, torment resistance, unbreathing
a: Receive Corpses, Renounce Religion


You were in a labyrinth.
You worshipped Kikubaaqudgha.
Kikubaaqudgha was pleased with you.
You were not hungry.

You visited 1 branch of the dungeon, and saw 11 of its levels.
You also visited: Labyrinth.

You collected 569 gold pieces.
You spent 116 gold pieces at shops.

Inventory:

Hand Weapons
 a - a +5 trident of protection (weapon)
 t - a +3 glaive
 w - the +0 great sword "Degihuez" {slice, rPois}
   (You found it on level 10 of the Dungeon)

   It inflicts extra damage upon your enemies.
   It protects you from poison.
Missiles
 e - 10 tomahawks
 h - 15 javelins (quivered)
 j - 28 poisoned needles
 l - 4 silver tomahawks
Armour
 m - a +2 robe of resistance (worn)
 n - a +0 cloak (worn)
 p - the +3 ring mail of Wile {rElec rN++ Int-4 SInv}
   (You found it on level 7 of the Dungeon)

   It affects your intelligence (-4).
   It insulates you from electricity.
   It greatly protects you from negative energy.
   It lets you see invisible.
 s - a +0 shield
 y - the +2 chain mail of Inquiry {+Fly, unknown}
   (You found it on level 10 of the Dungeon)

   It lets you fly.
Magical Staves
 b - an uncursed staff of energy {!a}
 u - an uncursed staff of power {!a}
Jewellery
 i - an uncursed ring of fire
 k - a ring of protection from fire (right hand)
 o - a +5 amulet of reflection (around neck)
 A - a ring of protection from magic (left hand)
 B - an uncursed ring of magical power {unknown}
Scrolls
 c - 3 scrolls of immolation
 d - 4 scrolls of teleportation
 f - 4 scrolls of remove curse
 r - a scroll of fog
 v - 2 scrolls of fear
 x - 2 scrolls of enchant weapon
 z - a scroll of identify


   Skills:
 + Level 1.8 Fighting
 * Level 7.3 Polearms
 + Level 2.3 Dodging
 - Level 1.5 Stealth
 + Level 1.3 Shields
 - Level 6.0 Spellcasting
 * Level 13.1 Necromancy
 + Level 0.9 Evocations


You had 10 spell levels left.
You knew the following spells:

 Your Spells              Type           Power        Failure   Level  Hunger
a - Pain                  Necr           ####         1%          1    N/A
b - Vampiric Draining     Necr           ######....   1%          3    N/A
c - Corpse Rot            Necr           N/A          1%          2    N/A
x - Animate Skeleton      Necr           N/A          1%          1    N/A
X - Animate Dead          Necr           N/A          1%          4    N/A

Your spell library contained the following spells:

 Spells                   Type           Power        Failure   Level  Hunger
 Regeneration             Chrm/Necr      Unusable     N/A         3    N/A

Dungeon Overview and Level Annotations

Branches:
Dungeon (11/15)            Temple (0/1) D:7            Lair (0/6) D:9
    Orc (0/2) D:11

Altars:
Ashenzari
Cheibriados
Fedhas
Gozag
Hepliaklqana
Kikubaaqudgha
Okawaru
Sif Muna
Trog
Uskayaw
Wu Jian
Yredelemnul
Zin
The Shining One

Shops:
D:6 =

Annotations:
D:10 UH


Innate Abilities, Weirdness & Mutations

You do not eat or drink.
Your flesh is vulnerable to fire.
You are immune to poison.
Your flesh is cold resistant. (rC+)
You are immune to negative energy. (rN+++)
You are immune to unholy pain and torment.
You can survive without breathing.


Message History

You start resting.
Magic restored.
You start resting.
You hear an odd grinding sound!
h - 4 javelins (gained 1)
h - 5 javelins (gained 1)
You see here a cyclops skeleton.
h - 7 javelins (gained 2)
h - 15 javelins (gained 8)
The minotaur hits you with a translucent mace {crush}!!
Ouch! That really hurt!
You block the minotaur's attack.
Found a chain mail.
Found an escape hatch in the ceiling.
The minotaur throws a javelin.
The javelin hits you!!
* * * LOW HITPOINT WARNING * * *
You see here a javelin.
The minotaur throws a javelin.
The javelin misses you.
The minotaur throws a javelin.
The javelin hits you!!
You die...
Kikubaaqudgha rasps: "You have failed me!
Welcome... oblivion!"

. .. .#.# #. . .
.# # #.# ### # #
.#... . .#... .
# .... . .. ..#
## ..##
#######.. ..# #.
#..........###.#
#..# ########.
## # #.H.(.(# #
#.#.####@#.. #
#...<#.# #
#.######.# #..
....#.. ##
#######


You could see a minotaur.

Vanquished Creatures
  2 two-headed ogres
  A troll (D:8)
  A slime creature (D:9)
  A hippogriff (D:10)
  Sigmund (D:3)
  4 yaks (D:9)
  A hungry ghost (D:10)
  3 orc warriors
  An ice beast (D:11)
  2 sky beasts (D:6)
  2 eyes of draining
  3 ogres
  2 centaurs
  2 big kobolds
  8 bullfrogs
  A gnoll sergeant (D:9)
  3 scorpions
  A wyvern skeleton (D:10)
  10 killer bees
  2 wights (D:8)
  A howler monkey (D:5)
  5 crimson imps
  A bullfrog zombie (D:11)
  Crazy Yiuf (D:3)
  3 hounds
  4 jellies
  3 orc priests
  2 bullfrog skeletons
  2 centaur skeletons
  Jessica (D:3)
  3 iguanas (D:9)
  9 orc wizards
  3 worker ants
  A hound zombie (D:6)
  2 hound skeletons
  5 gnolls
  A howler monkey skeleton (D:7)
  6 adders
  2 shadow imps
  6 oozes
  2 worms (D:2)
  5 dart slugs
  4 leopard geckos
  23 orcs
  4 ball pythons
  9 giant cockroaches
  13 goblins
  7 hobgoblins
  11 jackals
  20 kobolds
  A quokka (D:9)
  5 bats
  6 frilled lizards
  A leopard gecko skeleton (D:5)
  6 rats
229 creatures vanquished.

Vanquished Creatures (collateral kills)
  An acid dragon (D:10)
  A phantom (D:6)
  A centaur (D:9)
  A wyvern zombie (D:8)
  A wyvern skeleton (D:9)
  A wight (D:6)
  3 gnolls (D:9)
  An ooze (D:9)
  3 kobolds
13 creatures vanquished.

Vanquished Creatures (others)
  A human (D:3)
  A kobold (D:9)
2 creatures vanquished.

Grand Total: 244 creatures vanquished

Notes
Turn   | Place    | Note
-------+----------+-------------------------------------------
     0 | D:1      | mopl the Mummy Necromancer began the quest for the Orb.
     0 | D:1      | Reached XP level 1. HP: 13/13 MP: 4/4
   134 | D:1      | Reached skill level 3 in Spellcasting
   134 | D:1      | Reached XP level 2. HP: 10/19 MP: 0/6
   641 | D:1      | Reached XP level 3. HP: 24/24 MP: 0/7
   655 | D:1      | Learned a level 3 spell: Vampiric Draining
   657 | D:1      | Learned a level 1 spell: Animate Skeleton
  1048 | D:2      | Found a hide-covered altar of Uskayaw.
  1049 | D:2      | Noticed a dagger
  1057 | D:2      | Noticed a dagger
  1582 | D:2      | Found a shattered altar of Ashenzari.
  1639 | D:2      | Found a glowing golden altar of the Shining One.
  2155 | D:2      | Found a snail-covered altar of Cheibriados.
  2157 | D:2      | Reached skill level 5 in Necromancy
  2527 | D:3      | Reached XP level 4. HP: 30/30 MP: 3/9
  2655 | D:3      | Noticed Sigmund
  2783 | D:3      | Reached skill level 4 in Spellcasting
  2853 | D:3      | Learned a level 4 spell: Animate Dead
  2861 | D:3      | Found a glowing silver altar of Zin.
  3137 | D:3      | Noticed Jessica
  3142 | D:3      | Killed Jessica
  3142 | D:3      | Reached XP level 5. HP: 30/35 MP: 4/11
  3287 | D:3      | Reached skill level 6 in Necromancy
  3493 | D:3      | Found an ancient bone altar of Kikubaaqudgha.
  3494 | D:3      | Noticed a human
  3497 | D:3      | Became a worshipper of Kikubaaqudgha
  3497 | D:3      | Killed a human
  3623 | D:3      | Found a runed door.
  4121 | D:4      | Noticed an ogre
  4132 | D:4      | Reached XP level 6. HP: 28/41 MP: 4/13
  4235 | D:4      | Found an iron altar of Okawaru.
  4237 | D:4      | Found a basalt altar of Yredelemnul.
  4326 | D:4      | Reached skill level 5 in Spellcasting
  4433 | D:4      | Found a hazy altar of Hepliaklqana.
  4540 | D:4      | Reached skill level 1 in Polearms
  5117 | D:5      | Entered Level 5 of the Dungeon
  5224 | D:5      | Reached skill level 7 in Necromancy
  5422 | D:5      | Reached XP level 7. HP: 46/46 MP: 10/15
  5957 | D:5      | Reached skill level 2 in Polearms
  6443 | D:5      | Reached * piety under Kikubaaqudgha
  6443 | D:5      | Identified Kikubaaqudgha's Almanac of Evil Rituals
                  | (Kikubaaqudgha gifted it to you on level 5 of the Dungeon)
  6443 | D:5      | Received a gift from Kikubaaqudgha
  6455 | D:5      | Learned a level 2 spell: Corpse Rot
  6571 | D:6      | Reached skill level 6 in Spellcasting
  6729 | D:6      | Found Wicuem's Jewellery Boutique.
  6737 | D:6      | Reached skill level 8 in Necromancy
  6748 | D:6      | Bought a cursed ring of attention for 58 gold pieces
  6748 | D:6      | Bought a cursed ring of teleportation for 58 gold pieces
  7022 | D:6      | Reached XP level 8. HP: 52/52 MP: 10/17
  7864 | D:7      | Found an opulent altar of Gozag.
  7896 | D:7      | Reached skill level 3 in Polearms
  7931 | D:7      | Got a heavily runed ring mail
  7969 | D:7      | Found a staircase to the Ecumenical Temple.
  8123 | D:7      | Found an ornate altar of the Wu Jian Council.
  8929 | D:8      | Reached skill level 9 in Necromancy
  8935 | D:8      | Noticed a troll
  8951 | D:8      | Killed a troll
  9072 | D:8      | Noticed a two-headed ogre
  9086 | D:8      | Killed a two-headed ogre
  9086 | D:8      | Reached skill level 4 in Polearms
  9086 | D:8      | Reached skill level 10 in Necromancy
  9086 | D:8      | Reached XP level 9. HP: 34/57 MP: 9/18
  9100 | D:8      | HP: 2/57 [wight/great sword (20)]
  9835 | D:8      | Reached skill level 5 in Polearms
  9970 | D:8      | Reached skill level 11 in Necromancy
 10102 | D:8      | Found a blossoming altar of Fedhas.
 10115 | D:8      | Identified the +3 ring mail of Wile {rElec rN++ Int-4 SInv}
                  | (You found it on level 7 of the Dungeon)
 10272 | D:9      | Found a bloodstained altar of Trog.
 10510 | D:9      | Reached skill level 6 in Polearms
 10646 | D:9      | Reached XP level 10. HP: 42/63 MP: 5/19
 10650 | D:9      | Reached skill level 12 in Necromancy
 10933 | D:9      | Reached ** piety under Kikubaaqudgha
 11169 | D:9      | Found a deep blue altar of Sif Muna.
 11175 | D:9      | Noticed a two-headed ogre
 11195 | D:9      | Killed a two-headed ogre
 11496 | D:9      | Found a staircase to the Lair.
 12611 | D:3      | Noticed Crazy Yiuf
 12618 | D:3      | Killed Crazy Yiuf
 12804 | D:3      | Killed Sigmund
 12957 | D:10     | Entered Level 10 of the Dungeon
 13271 | D:10     | Reached skill level 1 in Fighting
 13271 | D:10     | Reached skill level 7 in Polearms
 13271 | D:10     | Reached skill level 2 in Dodging
 13376 | D:10     | Got a dazzling great sword
 13401 | D:10     | Identified the cursed +0 great sword "Degihuez" {slice,
                  | rPois} (You found it on level 10 of the Dungeon)
 13715 | D:10     | Reached skill level 13 in Necromancy
 13876 | D:10     | Reached skill level 1 in Shields
 13947 | D:10     | Got a transparent chain mail
 14671 | D:11     | Found a labyrinth entrance.
 14687 | Lab      | Entered a labyrinth
 15153 | Lab      | Noticed a minotaur
 15175 | Lab      | HP: 3/67 [minotaur/javelin (24)]
 15496 | Lab      | Hit by a javelin thrown by a minotaur

Vault maps used:
D:1:      co_arrival_hall_of_pillars, serial_glass, glass_columns_c,
          glass_columns_a, serial_bayou_lagoon_a
D:2:      dancing_weapons_uskayaw, kennysheep_slug_shrine,
          nicolae_tso_swordbearing_angel, evilmike_ruin_ashenzari
D:3:      lemuel_doored_altar, tgw_kikubaaqudgha, uniq_jessica, uniq_sigmund,
          uniq_crazy_yiuf_cottage
D:4:      lemuel_crystal_altar, grunt_temple_overflow_open, first_ration
D:6:      kennysheep_windowed_goal
D:7:      grunt_gozag_breadcrumbs, kennysheep_mini, minmay_temple_entry_glass
D:8:      old_standard_altar
D:9:      kennysheep_little_box, lair_entry_dummy,
          hangedman_little_slice_of_home, trog_book
D:10:     minmay_radiant
D:11:     minmay_the_grid_octo_tiled_squarecenter, david_orc_4,
          lab_entry_generic
Lab:      labyrinth_spiral

Skill      XL: |  1  2  3  4  5  6  7  8  9 10 |
---------------+-------------------------------+-----
Spellcasting   | 3 4 5 6 |  6.0
Necromancy     | 5 6 7 8 10 11 13 | 13.1
Polearms       | 1 2 4 6 7 |  7.3
Fighting       | 1 |  1.8
Dodging        | 2 |  2.3
Shields        | 1 |  1.3
Stealth        | |  1.5
Evocations     | |  0.9

Action                   |  1- 3 |  4- 6 |  7- 9 | 10-12 || total
-------------------------+-------+-------+-------+-------++-------
Melee: Unarmed           |     8 |       |       |       ||     8
       Spear             |    33 |     1 |       |       ||    34
       Trident           |       |    36 |   297 |   146 ||   479
Throw: Javelin           |       |       |       |     2 ||     2
 Cast: Pain              |    96 |   115 |    73 |    85 ||   369
       Vampiric Draining |       |     2 |    35 |    20 ||    57
       Animate Skeleton  |       |     4 |       |     1 ||     5
       Animate Dead      |       |     1 |    14 |     9 ||    24
       Corpse Rot        |       |       |    13 |     2 ||    15
Invok: Receive Corpses   |       |       |     5 |     4 ||     9
  Use: Scroll            |     3 |     4 |     1 |     7 ||    15
 Stab: Sleeping          |     1 |     2 |     1 |       ||     4
       Distracted        |       |       |     2 |     2 ||     4
Armor: Robe              |    11 |    16 |    91 |    49 ||   167
       Leather armour    |       |     2 |       |       ||     2
Dodge: Dodged            |    33 |    27 |   215 |    90 ||   365
Block: Other             |       |       |    17 |    42 ||    59
       Reflection        |       |       |       |     3 ||     3

Table legend:
 A = Non-vault XP
 B = Vault XP
 C = Vault XP percentage of total XP
 D = Non-vault monster count
 E = Vault monster count
 F = Vault count percentage of total count
                 A         B        C        D         E       F
            +---------+---------+-------+---------+---------+-------
      Total |    8671 |    1508 |  14.8 |     224 |      19 |   7.8
            +---------+---------+-------+---------+---------+-------
        D:1 |      46 |       0 |   0.0 |      25 |       0 |   0.0
        D:2 |      36 |       4 |  10.0 |      16 |       1 |   5.9
        D:3 |     214 |     294 |  57.9 |      37 |       3 |   7.5
        D:4 |     327 |       0 |   0.0 |      10 |       0 |   0.0
        D:5 |     386 |       0 |   0.0 |      26 |       0 |   0.0
        D:6 |     455 |     106 |  18.9 |      15 |       2 |  11.8
        D:7 |     197 |       0 |   0.0 |       6 |       0 |   0.0
        D:8 |    2621 |       0 |   0.0 |      32 |       0 |   0.0
        D:9 |    3124 |     423 |  11.9 |      45 |       9 |  16.7
       D:10 |     965 |     641 |  39.9 |       9 |       3 |  25.0
       D:11 |     300 |      40 |  11.8 |       3 |       1 |  25.0
            +---------+---------+-------+---------+---------+-------
